 Dungeon Crawl Stone Soup version 0.30-a0-364-gf6b3ef1049 (webtiles) character file.

Game seed: 5682750664318017793

11570 ytrimaz the Protected (level 12, -8/81 HPs)
             Began as a Formicid Fighter on Nov 15, 2022.
             Was a High Priest of Okawaru.
             Mangled by a two-headed ogre
             ... wielding a +0 giant spiked club
              (15 damage)
             ... on level 12 of the Dungeon.
             The game lasted 00:12:58 (10072 turns).

ytrimaz the Protected (Formicid Fighter)           Turns: 10072, Time: 00:12:58

Health: -8/81      AC: 18    Str: 26    XL:     12   Next: 9%
Magic:  12/12      EV: 10    Int:  8    God:    Okawaru [*****.]
Gold:   179        SH:  5    Dex: 13    Spells: 11/11 levels left

rFire   + . .      SeeInvis +    a - +0 war axe (elec)
rCold   . . .      Faith    .    c - +0 buckler
rNeg    . . .      Spirit   .    b - +0 scale mail
rPois   .          Reflect  .    (helmet unavailable)
rElec   .          Harm     .    f - +0 cloak
rCorr   +          Rampage  .    (no gloves)
Will    +....                    g - +1 pair of boots
Stlth   ..........               v - amulet of regeneration
HPRegen 1.13/turn                j - +4 ring of protection
MPRegen 0.13/turn                d - ring of the Imbibing Gods {rF+ rCorr}

@: studying Maces & Flails
A: permanent stasis, dig shafts and tunnels, antennae 3, four strong arms
a: Dig, Shaft Self, Renounce Religion, Heroism, Finesse, Duel


You were on level 12 of the Dungeon.
You worshipped Okawaru.
Okawaru was extremely pleased with you.
You visited 2 branches of the dungeon, and saw 13 of its levels.

You collected 699 gold pieces.
You spent 520 gold pieces at shops.


Innate Abilities, Weirdness & Mutations

You cannot be hasted, slowed, berserked, paralysed or teleported.
You can dig through walls and to a lower floor.
You have a pair of large antennae on your head. (SInv)
Your four strong arms can wield two-handed weapons with a shield.


   Skills:
 - Level 3.2 Fighting
 + Level 13.1 Axes
 + Level 14.4 Armour
 - Level 4.0 Shields


You had 11 spell levels left.
You didn't know any spells.
Your spell library contained the following spells:

 Spells                   Type           Power      Damage    Failure   Level
 Sting                    Tmut/Pois      0%         1d3       67%         1
 Ensorcelled Hibernation  Hex/Ice        0%         N/A       82%         2
 Poisonous Vapours        Pois/Air       0%         N/A       82%         2
 Sublimation of Blood     Necr           0%         N/A       82%         2
 Spider Form              Tmut/Pois      0%         N/A       96%         3
 Vhi's Electric Charge    Tloc/Air       0%         N/A       96%         3
 Anguish                  Hex/Necr       0%         N/A       100%        4
 Olgreb's Toxic Radiance  Pois           0%         N/A       100%        4
 Petrify                  Tmut/Erth      0%         N/A       100%        4
 Arcjolt                  Conj/Air       0%         1d10      100%        5
 Irradiate                Conj/Tmut      0%         3d11      100%        5
 Maxwell's Capacitive Co  Air            0%         ∞         100%        8

Inventory:

Hand Weapons
 a - a +0 war axe of electrocution (weapon)
Missiles
 l - 12 boomerangs
 y - 4 throwing nets
 D - 23 poisoned darts
 E - 4 javelins
Armour
 b - a +0 scale mail (worn)
 c - a +0 buckler (worn)
 f - a +0 cloak (worn)
   (You found it on level 1 of the Dungeon)
 g - a +1 pair of boots (worn)
   (You found it on level 1 of the Dungeon)
 p - a +0 kite shield
   (You took it off a gnoll sergeant on level 8 of the Dungeon)
 s - a +0 tower shield
   (You found it on level 5 of the Dungeon)
Jewellery
 d - the ring of the Imbibing Gods (right hand) {rF+ rCorr}
   (You found it on level 4 of the Dungeon)

   [ring of protection from fire]

   rF:        It protects you from fire.
   rCorr:     It protects you from acid and corrosion.
 j - a +4 ring of protection (left hand)
   (You found it on level 2 of the Dungeon)
 m - a +6 ring of dexterity
   (You found it on level 4 of the Dungeon)
 n - a ring of protection from fire
   (You found it on level 4 of the Dungeon)
 v - an amulet of regeneration (around neck)
   (You found it on level 6 of the Dungeon)
 B - a ring of protection from cold
   (You found it on level 9 of the Dungeon)
 C - a ring of ice
   (You found it on level 10 of the Dungeon)
 H - a +6 ring of dexterity
   (You took it off a wight on level 10 of the Dungeon)
Wands
 w - a wand of flame (22)
   (You found it on level 7 of the Dungeon)
 F - a wand of mindburst (2) (quivered)
   (You found it on level 10 of the Dungeon)
 J - a wand of polymorph (1)
   (You found it on level 12 of the Dungeon)
Scrolls
 i - a scroll of fear
 k - 2 scrolls of silence
 q - 7 scrolls of enchant weapon
 A - a scroll of acquirement
 K - a scroll of identify
Potions
 e - 2 potions of cancellation
 h - 3 potions of flight
 o - 4 potions of berserk rage
 r - 3 potions of curing
 t - a potion of degeneration {unknown}
 u - a potion of magic {unknown}
 z - a potion of heal wounds
 G - a potion of resistance {unknown}
 I - 2 potions of attraction {unknown}

Dungeon Overview and Level Annotations

Branches:
Dungeon (11/15) Zot: 26804  Temple (1/1) D:6 Zot: 5971
   Lair: D:8-11         Orc: D:9-12

Altars:
Ashenzari
Cheibriados
Dithmenos
Elyvilon
Fedhas
Gozag
Hepliaklqana
Kikubaaqudgha
Makhleb
Nemelex Xobeh
Okawaru
Qazlal
Ru
Sif Muna
Trog
Uskayaw
Vehumet
Wu Jian
Xom
Yredelemnul
Zin
The Shining One

Shops:
D:3 ?   D:5 [   D:7 [

Annotations:
D:7 1 runed translucent door, Crazy Yiuf
D:10 4 runed translucent doors

......##..# .....####.##
....... .....# #..#
....... .....# ##.######
..O.... .....#####......#
....... .....##.........+
.:..... .....##.........#
.....
....)##.........##..#####
#######.........@O......#
##########...####.. #...#
#...# +..... #...###
+...# #...#


You could see a two-headed ogre.


Message History

Okay, then. 😨 HP[+1]
Aiming: Mindburst
Press: ? - help, Q - select action, (/) - cycle Shift-Dir - straight line, f - Sonja
Aim: Sonja, wielding a +2 short sword of distortion and quivering curare-tipped darts (translocational energy, heavily wounded, chance to affect: 72%) Sonja's mind is blasted! 😨 HP[+1]
Aiming: Mindburst
Press: ? - help, Q - select action, (/) - cycle Shift-Dir - straight line, f/p - Sonja
Aim: Sonja, wielding a +2 short sword of distortion and quivering curare-tipped darts (almost dead, chance to affect: 72%) Sonja's mind is blasted!
You blow up Sonja!
Okawaru accepts your kill. 😨 HP[+1] Unknown command.
Your transformation is almost over.
You feel less wooden.
Your +0 cloak unmelds from your body.
Your +1 pair of boots unmelds from your body.
Your +0 scale mail unmelds from your body.
Key pressed, stopping explore.
Things that are here:
a +2 short sword of distortion; 3 curare-tipped darts 😎 HP[+39]
You now have 81 max hp (-40).
Your hp is fully restored (81).
There is a stone staircase leading down here.
Items here: )) [[.
Items here: ))) [[.
Things that are here:
a +2 dagger of protection; a +0 robe You sense a monster nearby.
Unknown command.
A two-headed ogre comes into view.
It is wielding a +0 giant spiked club and a +0 giant club.
Unknown command.
You start waiting.
A two-headed ogre is nearby!
The two-headed ogre closely misses you. x2
You hit the two-headed ogre but do no damage.
The two-headed ogre barely misses you.
The two-headed ogre hits you with a +0 giant club!! 😕 HP[-18]
You take 18 damage, and now have 63/81 hp.
MASSIVE DAMAGE!! (PAUSE)
You barely miss the two-headed ogre. 😕 HP[+1]
You hit the two-headed ogre.
The two-headed ogre hits you with a +0 giant spiked club!!
* * * LOW HITPOINT WARNING * * *
The two-headed ogre hits you but does no damage. 😨 HP[-29]
You take 29 damage, and now have 35/81 hp.
MASSIVE DAMAGE!! (PAUSE)
You slash the two-headed ogre! 😨 HP[+1] Unknown command.
You barely miss the two-headed ogre. The two-headed ogre closely misses you.
The two-headed ogre completely misses you. 😨 HP[+1]
You slash the two-headed ogre!
The two-headed ogre closely misses you. x2 😨 HP[+1]
You hit the two-headed ogre. 😨 HP[+1] Unknown command.
You hit the two-headed ogre but do no damage.
The two-headed ogre hits you with a +0 giant spiked club!!
* * * LOW HITPOINT WARNING * * *
The two-headed ogre hits you with a +0 giant club.
* * * LOW HITPOINT WARNING * * *
😱 HP[-22]
You take 22 damage, and now have 17/81 hp.
MASSIVE DAMAGE!! (PAUSE)
You completely miss the two-headed ogre. 😱 HP[+1] Unknown command.
You barely miss the two-headed ogre.
The two-headed ogre hits you with a +0 giant spiked club.
* * * LOW HITPOINT WARNING * * *
The two-headed ogre misses you. 😱 HP[-5]
You take 5 damage, and now have 13/81 hp.
Unknown command.
You completely miss the two-headed ogre. 😱 HP[+1] Unknown command.
You hit the two-headed ogre but do no damage.
You block the two-headed ogre's attack.
The two-headed ogre barely misses you. 😱 HP[+1] Unknown command.
You barely miss the two-headed ogre. The two-headed ogre barely misses you.
The two-headed ogre hits you with a +0 giant club!
* * * LOW HITPOINT WARNING * * *
😱 HP[-10]
You take 10 damage, and now have 5/81 hp.
Unknown command.
You hit the two-headed ogre. 😱 HP[+1] Unknown command.
You slash the two-headed ogre!
The two-headed ogre hits you with a +0 giant spiked club!
You die...

Skill      XL: |  1  2  3  4  5  6  7  8  9 10 11 |
---------------+----------------------------------+-----
Armour         | 4 5 6 7 8 10 12 14 | 14.4
Axes           | 3 4 5 6 7 9 11 13 | 13.1
Fighting       | |  3.2
Shields        | |  4.0

Action                   |  1- 3 |  4- 6 |  7- 9 | 10-12 || total
-------------------------+-------+-------+-------+-------++-------
Melee: War axe           |   116 |   162 |   232 |   294 ||   804
Throw: Throwing net      |       |       |     1 |     2 ||     3
       Boomerang         |       |       |       |     9 ||     9
       Dart              |       |       |       |     5 ||     5
Evoke: Wand              |       |       |       |     2 ||     2
  Use: Scroll            |     5 |     8 |     1 |     3 ||    17
       Potion            |       |     4 |     3 |     7 ||    14
 Stab: Held in net/web   |       |       |       |     1 ||     1
Armor: Scale mail        |    61 |    87 |   166 |   191 ||   505
       Skin              |       |       |       |    32 ||    32
Dodge: Dodged            |    64 |    86 |   118 |   164 ||   432
Block: Buckler           |    58 |    46 |    55 |    90 ||   249

Levels and vault maps discovered:
D:1:      reono_arrival_forest_river, layout_basic,
          shapermc_ecumenical_altar_notcrosses, kennysheep_boxes
D:2:      layout_loops_ring
D:3:      layout_loops_corners, nicolae_tso_carved_into_rock, serial_shops,
          shop, minmay_gold_behind_fungi
D:4:      layout_layer_cave, cheibriados_altar_1
D:5:      layout_basic, serial_shops, nicolae_lakefront_shop
D:6:      layout_rooms, kennysheep_mini, lemuel_temple_firewalk_b
D:7:      layout_basic, lemuel_crystal_altar, lemuel_tele_altar, serial_shops,
          kennysheep_mini_moat, uniq_crazy_yiuf_cottage
D:8:      layout_cave_pools, grunt_qazlal_clouds, serial_gnoll_camp,
          gnoll_camp_mini_doghouse, gnoll_camp_medium_01,
          gnoll_camp_mini_doghouse, gnoll_camp_mini_hut, minmay_manual_mess,
          uniq_maggie, uniq_joseph
D:9:      layout_loops_ring, led_xom_imps, mainiacjoe_overflow_small_starburst,
          mainiacjoe_overflow_alcove_1, mainiacjoe_overflow_cross_hatched
D:10:     layout_gridville, old_standard_altar,
          yredelemnul_forgotten_temple_becter, grunt_decor_fettered,
          minmay_statue_crystal_thing
D:11:     layout_roguey, lair_entry_dummy, uniq_erica, uniq_amaemon
D:12:     layout_basic, erik_orc_1, solitary_fountain, uniq_sonja
Temple:   hellmonk_temple_rainy

Notes
Turn   | Place    | Note
-------+----------+-------------------------------------------
     0 | D:1      | ytrimaz the Formicid Fighter began the quest for the Orb.
     0 | D:1      | Reached XP level 1. HP: 18/18 MP: 1/1
     0 | D:1      | magus.rc [v1.9.6]
    47 | D:1      | Reached XP level 2. HP: 24/24 MP: 2/2
   106 | D:1      | You pick up a book of Alchemy and begin reading...
   106 | D:1      | You add the spells Sublimation of Blood, Petrify and
                  | Irradiate to your library.
   134 | D:1      | Found a faded altar of an unknown god.
   295 | D:1      | Reached XP level 3. HP: 29/29 MP: 3/3
   338 | D:1      | Reached skill level 4 in Armour
   875 | D:2      | Reached skill level 3 in Axes
   954 | D:2      | Reached XP level 4. HP: 34/35 MP: 4/4
  1641 | D:3      | Found Hixtergh's Magic Scroll Shop.
  2033 | D:3      | Reached XP level 5. HP: 39/41 MP: 5/5
  2187 | D:3      | Reached skill level 5 in Armour
  2233 | D:3      | Found a glowing golden altar of the Shining One.
  2301 | D:3      | Reached skill level 4 in Axes
  2590 | D:4      | You add the spells Sting, Poisonous Vapours and Olgreb's
                  | Toxic Radiance to your library.
  2675 | D:4      | Noticed an ogre
  2683 | D:4      | HP: 9/41 [ogre/+0 giant club (12)]
  2687 | D:4      | Killed an ogre
  2688 | D:4      | Reached XP level 6. HP: 11/47 MP: 6/6
  3513 | D:4      | Identified the ring of the Imbibing Gods {rF+ rCorr}
  3543 | D:4      | Noticed an ogre
  3548 | D:4      | Killed an ogre
  3549 | D:4      | Reached skill level 5 in Axes
  3549 | D:4      | Reached skill level 6 in Armour
  3549 | D:4      | Reached XP level 7. HP: 20/52 MP: 7/7
  3663 | D:4      | Found a snail-covered altar of Cheibriados.
  4042 | D:5      | Entered Level 5 of the Dungeon
  4216 | D:5      | Reached skill level 7 in Armour
  4505 | D:5      | Reached skill level 6 in Axes
  4525 | D:5      | Found Boixt's Armour Boutique.
  4597 | D:5      | Reached XP level 8. HP: 54/58 MP: 8/8
  5229 | D:6      | Reached skill level 8 in Armour
  5303 | D:6      | Reached skill level 7 in Axes
  5487 | D:6      | Reached XP level 9. HP: 64/64 MP: 9/9
  5582 | D:6      | Found an opulent altar of Gozag.
  5653 | D:6      | Found a staircase to the Ecumenical Temple.
  5662 | Temple   | Entered the Ecumenical Temple
  5682 | Temple   | Became a worshipper of Warmaster Okawaru
  5780 | D:6      | Reached skill level 9 in Armour
  5785 | D:6      | Reached skill level 8 in Axes
  5933 | D:7      | Found Gedoec's Armour Emporium.
  5972 | D:7      | Reached * piety under Okawaru
  6018 | D:7      | Reached skill level 10 in Armour
  6033 | D:7      | Reached skill level 9 in Axes
  6094 | D:7      | Found a bloodstained altar of Trog.
  6129 | D:7      | Found a runed translucent door.
  6130 | D:7      | Noticed Crazy Yiuf
  6252 | D:7      | You pick up a book of Dreams and begin reading...
  6252 | D:7      | You add the spells Ensorcelled Hibernation, Spider Form and
                  | Anguish to your library.
  6272 | D:7      | Found a hazy altar of Hepliaklqana.
  6596 | D:8      | Noticed Joseph
  6621 | D:8      | Killed Joseph
  6621 | D:8      | Reached ** piety under Okawaru
  6622 | D:8      | Reached XP level 10. HP: 66/70 MP: 10/10
  6672 | D:8      | Noticed Maggie
  6693 | D:8      | Killed Maggie
  6706 | D:8      | Reached skill level 11 in Armour
  6727 | D:8      | Noticed a two-headed ogre
  6739 | D:8      | Killed a two-headed ogre
  6740 | D:8      | Reached skill level 10 in Axes
  6879 | D:8      | Noticed a two-headed ogre
  6929 | D:7      | Killed a two-headed ogre
  6929 | D:7      | Reached *** piety under Okawaru
  6956 | D:8      | Noticed a two-headed ogre
  6974 | D:8      | Killed a two-headed ogre
  6975 | D:8      | Reached skill level 11 in Axes
  6975 | D:8      | Reached skill level 12 in Armour
  7089 | D:8      | Found a stormy altar of Qazlal.
  7160 | D:8      | Reached **** piety under Okawaru
  7170 | D:8      | Reached XP level 11. HP: 49/75 MP: 11/11
  7636 | D:3      | Bought a scroll of acquirement for 520 gold pieces
  7786 | D:9      | Found a broken altar of Ashenzari.
  7838 | D:9      | Found an ornate altar of the Wu Jian Council.
  7902 | D:9      | Noticed a two-headed ogre
  7914 | D:9      | HP: 12/75 [two-headed ogre/+0 giant club (13)]
  7916 | D:9      | Killed a two-headed ogre
  7917 | D:9      | Reached skill level 13 in Armour
  7921 | D:9      | HP: 18/75 [gnoll/+0 halberd[a gnoll bouda] (10)]
  7926 | D:9      | HP: 13/75 [orc priest/divine providence (11)]
  7961 | D:9      | Noticed a centaur warrior
  8140 | D:9      | Found a white marble altar of Elyvilon.
  8187 | D:9      | Found a shimmering altar of Xom.
  8187 | D:9      | Noticed a two-headed ogre
  8194 | D:9      | Killed a two-headed ogre
  8195 | D:9      | Reached skill level 12 in Axes
  8447 | D:9      | You add the spells Vhi's Electric Charge, Arcjolt and
                  | Maxwell's Capacitive Coupling to your library.
  8575 | D:9      | Killed a centaur warrior
  8575 | D:9      | Reached ***** piety under Okawaru
  8866 | D:10     | Entered Level 10 of the Dungeon
  8990 | D:10     | Found a hide-covered altar of Uskayaw.
  9013 | D:10     | Found a runed translucent door.
  9018 | D:10     | Found a runed translucent door.
  9073 | D:10     | Found a runed translucent door.
  9092 | D:10     | Found a runed translucent door.
  9595 | D:10     | Found a basalt altar of Yredelemnul.
  9780 | D:11     | Noticed Erica
  9780 | D:11     | Noticed Amaemon
  9798 | D:11     | Killed Erica
  9799 | D:11     | Reached skill level 14 in Armour
  9801 | D:11     | Killed Amaemon
  9802 | D:11     | Reached skill level 13 in Axes
  9802 | D:11     | Reached XP level 12. HP: 48/81 MP: 12/12
  9872 | D:11     | You fall into a shaft and drop 1 floor!
  9943 | D:12     | Noticed Sonja
  9957 | D:12     | HP: 16/121 [Sonja/+2 short sword of distortion (18)]
  9962 | D:12     | Killed Sonja
 10051 | D:12     | Noticed a two-headed ogre
 10065 | D:12     | HP: 17/81 [two-headed ogre/+0 giant spiked club (4)]
 10070 | D:12     | HP: 5/81 [two-headed ogre/+0 giant spiked club (11)]
 10072 | D:12     | Mangled by a two-headed ogre

Vanquished Creatures
  A centaur warrior (D:9)
  Erica (D:11)
  5 two-headed ogres
  Sonja (D:12)
  Amaemon (D:11)
  Joseph (D:8)
  Maggie (D:8)
  An orange demon (D:11)
  A shadow (D:9)
  A vampire (D:10)
  3 yaks (D:10)
  An acid dragon (D:8)
  2 water moccasins (D:7)
  3 ice beasts
  3 orc warriors
  A sky beast (D:7)
  2 black bears
  A wolf (D:8)
  3 ogres
  3 centaurs (D:9)
  A kobold brigand (D:9)
  A phantom (D:5)
  A necrophage (D:8)
  2 gnoll sergeants (D:8)
  4 bullfrogs
  5 wights (D:10)
  5 scorpions
  9 killer bees
  4 howler monkeys
  4 crimson imps (D:9)
  5 hounds
  2 jellies
  7 orc priests
  3 gnoll boudas
  7 iguanas
  7 orc wizards
  20 gnolls
  12 adders
  A shadow imp (D:7)
  2 worms
  4 dart slugs
  20 orcs
  5 endoplasms
  6 giant cockroaches
  12 goblins
  7 hobgoblins
  11 jackals
  16 kobolds
  2 quokkas
  7 ball pythons
  3 bats
  6 frilled lizards
  4 rats
  A spectral orc (D:10)
242 creatures vanquished.

Vanquished Creatures (others)
  3 fungi (D:3)
  19 plants (D:9)
  3 toadstools (D:3)
25 creatures vanquished.

Grand Total: 267 creatures vanquished

Table legend:
 A = Non-vault XP
 B = Vault XP
 C = Vault XP percentage of total XP
 D = Non-vault monster count
 E = Vault monster count
 F = Vault count percentage of total count
                 A         B        C        D         E       F
            +---------+---------+-------+---------+---------+-------
      Total |   10853 |    5676 |  34.3 |     204 |      38 |  15.7
            +---------+---------+-------+---------+---------+-------
        D:1 |      51 |       0 |   0.0 |      30 |       0 |   0.0
        D:2 |      65 |       0 |   0.0 |      16 |       0 |   0.0
        D:3 |     108 |       0 |   0.0 |      26 |       0 |   0.0
        D:4 |     341 |       0 |   0.0 |      18 |       0 |   0.0
        D:5 |     715 |       0 |   0.0 |      19 |       0 |   0.0
        D:6 |    1005 |       0 |   0.0 |      23 |       0 |   0.0
        D:7 |    1213 |     819 |  40.3 |      17 |       1 |   5.6
        D:8 |    2055 |    1896 |  48.0 |      10 |      28 |  73.7
        D:9 |    3619 |     194 |   5.1 |      27 |       4 |  12.9
       D:10 |    1434 |       1 |   0.1 |      13 |       1 |   7.1
       D:11 |       0 |    1967 | 100.0 |       0 |       3 | 100.0
       D:12 |     247 |     799 |  76.4 |       5 |       1 |  16.7
            +---------+---------+-------+---------+---------+-------

Illustrated notes

Table legend:
 A = Kills in this place as a percentage of kills in entire the game.
 B = Kills by you in this place as a percentage of kills by you in the entire game.
 C = Kills by friends in this place as a percentage of kills by friends in the entire game.
 D = Other kills in this place as a percentage of other kills in the entire game.
 E = Experience gained in this place as a percentage of experience gained in the entire game.
 F = Experience gained in this place divided by the number of levels of this place that you have seen.
                   A       B       C       D       E      F
               +-------+-------+-------+-------+-------+----------------------
         Total | 100.0 | 100.0 |   N/A |   N/A | 100.0 | 1271.5
       Dungeon | 100.0 | 100.0 |   N/A |   N/A | 100.0 | 1377.4
               +-------+-------+-------+-------+-------+----------------------

Table legend: (Time is in decaauts)
 A = Elapsed time spent in this place.
 B = Non-inter-level travel time spent in this place.
 C = Inter-level travel time spent in this place.
 D = Time resting spent in this place.
 E = Time spent auto-exploring this place.
 F = Levels seen in this place.
 G = Mean time per level.
                   A        B        C        D        E       F      G
               +--------+--------+--------+--------+--------+-----+--------+
         Total |  10215 |   9540 |    675 |    427 |   6985 |  13 |  785.8 |
       Dungeon |  10186 |   9518 |    668 |    427 |   6976 |  12 |  848.8 |
        Temple |     28 |     21 |      7 |      0 |      9 |   1 |   28.0 |
               +--------+--------+--------+--------+--------+-----+--------+

Top non-repeatable levels by time:
     D:4: 1559 daAuts
     D:9: 1088 daAuts
     D:3: 1088 daAuts
     D:5: 980 daAuts
     D:8: 957 daAuts
     D:6: 908 daAuts
    D:10: 896 daAuts
     D:2: 862 daAuts
     D:1: 797 daAuts
     D:7: 762 daAuts
    D:12: 194 daAuts
    D:11: 90 daAuts
  Temple: 28 daAuts
